 Dungeon Crawl Stone Soup version 0.26-a0-597-gb535b0901c (webtiles) character file.

Game seed: 9124911217384918871

(classic levelgen) 3628 EnegeticOcto the Cleaver (level 9, -3/82 HPs)
             Began as a Deep Dwarf Fighter on Sept 9, 2020.
             Was a Believer of Makhleb.
             Killed from afar by an ice dragon (35 damage)
             ... with a blast of cold
             ... on level 7 of the Dungeon.
             The game lasted 00:02:15 (3280 turns).

EnegeticOcto the Cleaver (Deep Dwarf Fighter)       Turns: 3280, Time: 00:02:15

Health: -3/82      AC:  4    Str: 23    XL:     9   Next: 87%
Magic:  3/3        EV:  8    Int:  9    God:    Makhleb [**....]
Gold:   327        SH: 11    Dex: 12    Spells: 8/8 levels left

rFire    . . .     SeeInvis .   a - +0 war axe
rCold    . . .     Faith    .   c - +0 kite shield
rNeg     . . .     Spirit   .   b - +0 scale mail
rPois    .         Reflect  .   (no helmet)
rElec    .         Harm     .   (no cloak)
rCorr    .                      (no gloves)
MR       +....                  (no boots)
Stlth    ..........             (no amulet)
HPRegen  0.00/turn              (no ring)
MPRegen  0.08/turn              (no ring)

@: corroded, non-regenerating
A: damage resistance, heal wounds, sense surroundings 2, no regeneration
a: Heal Wounds, Minor Destruction, Renounce Religion


You were on level 7 of the Dungeon.
You worshipped Makhleb.
Makhleb was pleased with you.
You visited 2 branches of the dungeon, and saw 9 of its levels.

You collected 327 gold pieces.

Inventory:

Hand Weapons
 a - a +0 war axe (weapon)
 g - a +0 hand axe of venom
Armour
 b - a +0 scale mail (worn)
 c - a +0 kite shield (worn)
Jewellery
 u - an uncursed ring of protection from cold {unknown}
Wands
 t - a wand of acid (6) {@v1}
Scrolls
 f - a scroll of enchant weapon {unknown}
 h - 2 scrolls of teleportation {unknown}
 l - 4 scrolls of identify {unknown}
 m - 2 scrolls of magic mapping {unknown}
 o - a scroll of random uselessness {unknown}
 s - a scroll of blinking {unknown}
 w - a scroll of vulnerability {unknown}
Potions
 d - a potion of might {@q3}
 e - a potion of mutation {unknown}
 i - 2 potions of haste {unknown}
 j - a potion of curing {unknown}
 k - 5 potions of berserk rage {unknown}
 n - a potion of heal wounds {unknown}
 p - a potion of lignification {unknown}
 q - a potion of invisibility {unknown}
 r - 3 potions of flight {unknown}
 v - a potion of brilliance {unknown}


   Skills:
 + Level 6.1 Fighting
 * Level 9.5 Axes
 + Level 7.3 Armour
 + Level 7.2 Shields
 + Level 6.2 Invocations


You had 8 spell levels left.
You didn't know any spells.
Your spell library was empty.

Dungeon Overview and Level Annotations

Branches:
Dungeon (8/15)             Temple (1/1) D:5
   Lair: D:8-11

Altars:
Ashenzari
Cheibriados
Elyvilon
Hepliaklqana
Makhleb
Okawaru
Qazlal
Ru
Trog
Wu Jian

Shops:
D:7 [

Annotations:
D:7 2 runed translucent doors, exclusion: orange crystal statue


Innate Abilities, Weirdness & Mutations

You are resistant to damage.
You can heal yourself by infusing magical energy.
You passively map the area around you.
You do not regenerate.


Message History

w - a scroll labeled MADIG BOOZE
Things that are here:
a +0 club; an orc corpse You open the door.
A bullfrog, a steam dragon, a jelly, a gnoll shaman and a white imp come into view.
The gnoll shaman shouts!
The steam dragon hisses angrily.
The white imp shouts!
A centaur warrior comes into view.
A bullfrog zombie comes into view.
An adder comes into view.
The bullfrog zombie moves out of view.
There is an open door here.
There are monsters nearby!
There are monsters nearby!
There are monsters nearby!
There are monsters nearby!
An ice dragon comes into view.
The adder hisses angrily.
The centaur warrior shouts!
The ice dragon roars deafeningly!
Found 28 stones.
You hit the bullfrog.
The bullfrog is lightly wounded.
The bullfrog closely misses you. The steam dragon breathes steam at you.
The ball of steam misses you. You block the bullfrog's attack.
You closely miss the bullfrog.
The bullfrog is lightly wounded.
You hit the white imp.
You are engulfed in a cloud of scalding steam.
The gnoll shaman is engulfed in a cloud of scalding steam.
You block the white imp's attack.
You slash the white imp!
You kill the white imp!
Makhleb accepts your kill.
You hit the jelly. The acid corrodes you!
Your hands burn!
You closely miss the centaur warrior.
The adder is engulfed in a cloud of scalding steam.
The centaur warrior hits you! You block the jelly's attack.
The bullfrog barely misses you.
You slice the jelly!!
You kill the jelly!
Makhleb accepts your kill.
You feel better.
You hit the centaur warrior. You miss the bullfrog. You slash the gnoll shaman!
You block the centaur warrior's attack.
The bullfrog is engulfed in a cloud of scalding steam.
The bullfrog hits you but does no damage.
The centaur warrior hits you. The gnoll shaman barely misses you.
You closely miss the gnoll shaman.
The gnoll shaman is severely wounded.
You hit the bullfrog but do no damage. You hit the centaur warrior.
You block the bullfrog's attack.
The bullfrog zombie is engulfed in a cloud of scalding steam.
The centaur warrior is engulfed in a cloud of scalding steam.
The centaur warrior hits you. The bullfrog hits you.
The bullfrog zombie is engulfed in a cloud of scalding steam.
The gnoll shaman is engulfed in a cloud of scalding steam.
You block the gnoll shaman's attack.
The centaur warrior is engulfed in a cloud of scalding steam.
The centaur warrior hits you.
You closely miss the gnoll shaman.
The gnoll shaman is almost dead.
You hit the centaur warrior. You hit the bullfrog. The bullfrog hits you.
You block the centaur warrior's attack.
The gnoll shaman hits you with a +0 club.
You hit the gnoll shaman.
You kill the gnoll shaman!
Makhleb accepts your kill.
You feel better.
You hit the steam dragon. You closely miss the centaur warrior.
You closely miss the bullfrog. The bullfrog hits you.
The centaur warrior hits you. You block the centaur warrior's attack.
The steam dragon bites you.
The steam dragon claws you but does no damage.
You are too injured to fight recklessly!
You are too injured to fight recklessly!
You are too injured to fight recklessly!
You are too injured to fight recklessly!
You are too injured to fight recklessly!
You are too injured to fight recklessly!
You are too injured to fight recklessly!
You are too injured to fight recklessly!
You are too injured to fight recklessly!
You are too injured to fight recklessly!
You are too injured to fight recklessly!
You are too injured to fight recklessly!
You are too injured to fight recklessly!
You are too injured to fight recklessly!
You are too injured to fight recklessly!
You are too injured to fight recklessly!
You are too injured to fight recklessly!
You are too injured to fight recklessly!
You are too injured to fight recklessly!
You are too injured to fight recklessly!
You are too injured to fight recklessly!
You fail to use your ability.
The centaur warrior hits you!
* * * LOW HITPOINT WARNING * * *
The steam dragon bites you!
* * * LOW HITPOINT WARNING * * *
The steam dragon completely misses you. The adder bites you but does no damage.
You feel much better. The centaur warrior hits you!
The ice dragon breathes frost at you. The blast of cold hits you!!!
You die...

#.........# #.# , , , ,*,,
#.........###.#......... ,
#..........##.#.........* ,
#..........##.#......... * ,
#..........##.#......... ,
#### #..........##.#........(
, ,#...
#....###...##.#..Z......*
,#... ###### #...##.#DSD......
, #... #...##.#.@cF.....* ,
,#...
######.#'##############'##
##########.#.........#8.......
#........#.#.........#........
#........#.#.......).#........
#........#.#.......)(((.......
#........#.###################
#.............................
#...........##################


You could see an ice dragon (catching breath), a centaur warrior, a steam
dragon, a bullfrog, an adder and a bullfrog zombie.

Vanquished Creatures
  2 hippogriffs
  Menkaure (D:4)
  4 ice beasts
  A sky beast (D:5)
  A phantom (D:6)
  3 ogres
  A crocodile (D:8)
  A centaur (D:6)
  Blork the orc (D:6)
  A big kobold (D:7)
  3 bullfrogs
  A gnoll sergeant (D:7)
  A water moccasin zombie (D:7)
  6 scorpions
  10 wights (D:6)
  6 killer bees (D:8)
  A howler monkey (D:4)
  A bullfrog zombie (D:5)
  A hound (D:4)
  2 jellies
  2 orc priests
  A gnoll shaman (D:7)
  3 iguanas
  8 worker ants
  2 orc wizards (D:6)
  2 hound skeletons
  3 gnolls (D:7)
  5 adders
  A shadow imp (D:5)
  6 white imps
  2 oozes
  2 adder skeletons
  3 worms
  21 orcs
  A ball python (D:5)
  A giant cockroach (D:3)
  4 goblins
  4 hobgoblins
  12 jackals
  A quokka (D:8)
  2 bats (D:3)
  A jackal skeleton (D:6)
  2 kobolds
  A quokka skeleton (D:3)
  A quokka zombie (D:5)
  4 rats
143 creatures vanquished.

Vanquished Creatures (others)
  A withered plant (D:3)
1 creature vanquished.

Grand Total: 144 creatures vanquished

Notes
Turn   | Place    | Note
-------+----------+-------------------------------------------
     0 | D:1      | EnegeticOcto the Deep Dwarf Fighter began the quest for the
                  | Orb.
     0 | D:1      | Reached XP level 1. HP: 20/20 MP: 1/1
   104 | D:2      | Reached XP level 2. HP: 18/27 MP: 2/2
   156 | D:3      | Found a stormy altar of Qazlal.
   185 | D:3      | Reached skill level 3 in Axes
   185 | D:3      | Reached XP level 3. HP: 18/34 MP: 3/3
   343 | D:4      | Noticed a scorpion
   351 | D:4      | Killed a scorpion
   351 | D:4      | Reached XP level 4. HP: 42/42 MP: 4/4
   386 | D:4      | Reached skill level 4 in Axes
   386 | D:4      | Reached XP level 5. HP: 47/49 MP: 5/5
   421 | D:4      | Noticed Menkaure
   445 | D:4      | Killed Menkaure
   520 | D:4      | Reached XP level 6. HP: 50/57 MP: 5/5
   543 | D:4      | Reached skill level 5 in Axes
   734 | D:5      | Entered Level 5 of the Dungeon
   754 | D:5      | Reached XP level 7. HP: 59/64 MP: 6/6
   834 | D:5      | Found a staircase to the Ecumenical Temple.
   842 | Temple   | Entered the Ecumenical Temple
   852 | Temple   | Became a worshipper of Makhleb the Destroyer
  1092 | D:5      | Reached skill level 5 in Armour
  1092 | D:5      | Reached skill level 5 in Shields
  1094 | D:5      | Reached skill level 1 in Invocations
  1138 | D:5      | Found an iron altar of Okawaru.
  1271 | D:5      | Reached skill level 6 in Axes
  1513 | D:6      | Reached * piety under Makhleb
  1567 | D:6      | Reached XP level 8. HP: 30/73 MP: 8/8
  1698 | D:6      | Reached skill level 7 in Axes
  1745 | D:6      | Noticed Blork the orc
  1762 | D:6      | Killed Blork the orc
  1793 | D:6      | Reached skill level 5 in Fighting
  2018 | D:6      | Reached skill level 8 in Axes
  2032 | D:6      | Reached ** piety under Makhleb
  2261 | D:7      | Gained mutation: You passively map the area around you.
                  | [Deep Dwarf growth]
  2261 | D:7      | Reached XP level 9. HP: 45/81 MP: 10/10
  2369 | D:7      | Found a white marble altar of Elyvilon.
  2369 | D:7      | Found a snail-covered altar of Cheibriados.
  2371 | D:7      | Found a hazy altar of Hepliaklqana.
  2425 | D:7      | Found Baimioca's Antique Armour Shoppe.
  2458 | D:7      | Reached skill level 5 in Invocations
  2554 | D:7      | Found a runed translucent door.
  2554 | D:7      | Noticed an orange crystal statue
  2555 | D:7      | Found the +10 tower shield of Ignorance {rN+ Int-4}
  2610 | D:7      | Found a runed translucent door.
  3126 | D:8      | Reached skill level 9 in Axes
  3270 | D:7      | Noticed a centaur warrior
  3271 | D:7      | Noticed an ice dragon
  3280 | D:7      | Killed from afar by an ice dragon

Illustrated notes

Levels and vault maps discovered:
D:1:      minmay_arrival_arboretum_small, layout_basic, minmay_distorted
D:2:      layout_basic, uniq_natasha
D:3:      layout_loops_ring, serial_undead, serial_undead_a, serial_undead_d,
          serial_undead_d, serial_undead_e, gammafunk_ghost_nasty_kobolds,
          grunt_qazlal_sundering
D:4:      layout_basic, uniq_menkaure
D:5:      layout_basic, okawaru_altar_gauntlet_db, minmay_temple_entry_trees,
          chequers_mini_garden
D:6:      layout_loops_ring, uniq_blork_the_orc
D:7:      minmay_klotski, layout_basic, gammafunk_temple_overflow_forgotten,
          serial_shops, shop, chequers_guarded_unrand_ignorance
D:8:      layout_cave_pods
Temple:   regret_index_temple_mists

Skill      XL: |  1  2  3  4  5  6  7  8  9 |
---------------+----------------------------+-----
Fighting       | 3 4 5 6 |  6.1
Axes           | 3 4 5 6 8 9 |  9.5
Armour         | 4 5 6 7 |  7.3
Shields        | 4 5 6 7 |  7.2
Invocations    | 2 4 6 |  6.2

Action                   |  1- 3 |  4- 6 |  7- 9 || total
-------------------------+-------+-------+-------++-------
Melee: War axe           |    41 |       |   320 ||   361
       Hand axe          |    45 |    80 |   108 ||   233
 Abil: Heal Wounds       |     1 |     3 |    23 ||    27
Armor: Scale mail        |    48 |    17 |   152 ||   217
Dodge: Dodged            |    20 |    23 |   154 ||   197
Block: Kite shield       |    48 |    46 |   252 ||   346

Table legend: (Time is in decaauts)
 A = Elapsed time spent in this place.
 B = Non-inter-level travel time spent in this place.
 C = Inter-level travel time spent in this place.
 D = Time resting spent in this place.
 E = Time spent auto-exploring this place.
 F = Levels seen in this place.
 G = Mean time per level.
                   A        B        C        D        E       F      G
               +--------+--------+--------+--------+--------+-----+--------+
         Total |   3393 |   3239 |    154 |      0 |   2215 |   9 |  377.0 |
       Dungeon |   3370 |   3225 |    145 |      0 |   2215 |   8 |  421.2 |
        Temple |     23 |     14 |      9 |      0 |      0 |   1 |   23.0 |
               +--------+--------+--------+--------+--------+-----+--------+

Top non-repeatable levels by time:
     D:7: 828 daAuts
     D:6: 812 daAuts
     D:5: 716 daAuts
     D:4: 415 daAuts
     D:8: 238 daAuts
     D:3: 189 daAuts
     D:1: 87 daAuts
     D:2: 81 daAuts
  Temple: 23 daAuts
